 Dungeon Crawl Stone Soup version 0.23.0-3-gf3c87f2 (webtiles) character file.

Game seed: 12552496432061950937

456 ohad the Changer (level 7, 0/51 HPs)
             Began as an Octopode Transmuter on Feb 22, 2019.
             Slain by a bullfrog skeleton (5 damage)
             ... while paralysed by Grinder
             ... on level 4 of the Dungeon.
             The game lasted 00:08:01 (3712 turns).

ohad the Changer (Octopode Transmuter)              Turns: 3712, Time: 00:08:02

Health: 0/51       AC:  5    Str:  9    XL:     7   Next: 6%
Magic:  10/10      EV:  1    Int: 17    God:
Gold:   147        SH:  0    Dex: 13    Spells: 1/10 levels left

rFire    . . .     SeeInvis .     - Unarmed
rCold    + + +     Gourm    +   (shield currently unavailable)
rNeg     . . .     Faith    .   (helmet currently unavailable)
rPois    +         Spirit   .   m - amulet of the gourmand
rElec    .         Reflect  .   g - ring of protection from fire
rCorr    .         Harm     .   k - ring of poison resistance
MR       .....                  (no ring)
Stlth    +.........             (no ring)
HPRegen  0.17/turn              (no ring)
MPRegen  0.12/turn              (no ring)
                                (no ring)
                                (no ring)

@: paralysed, ice-form
A: large, almost no armour, stealthy swim, amphibious, 8 rings, (constrict 8)
a: End Transformation


You were on level 4 of the Dungeon.
You were very full.
You were a creature of crystalline ice.
You visited 1 branch of the dungeon, and saw 4 of its levels.

You collected 147 gold pieces.

Inventory:

Missiles
 a - 56 arrows
Jewellery
 g - a ring of protection from fire (left front paw)
 k - a ring of poison resistance (right front paw)
 m - an amulet of the gourmand (around neck)
Scrolls
 b - 2 scrolls of magic mapping {unknown}
 e - 2 scrolls of identify {unknown}
 f - 3 scrolls of teleportation {unknown}
 h - 2 scrolls of amnesia
 j - 2 scrolls of fear {unknown}
 n - a scroll of enchant weapon {unknown}
 o - a scroll of noise {unknown}
 q - a scroll of remove curse {unknown}
 r - a scroll of fog {unknown}
Potions
 d - a potion of ambrosia
 i - 2 potions of curing
 l - a potion of degeneration {unknown}
 p - a potion of cancellation {unknown}
Comestibles
 c - 7 rations
 s - 2 chunks of flesh


   Skills:
 - Level 1.0 Fighting
 - Level 2.0 Dodging
 - Level 3.0 Unarmed Combat
 - Level 2.0 Spellcasting
 - Level 7.1 Transmutations
 + Level 1.7 Ice Magic


You had one spell level left.
You knew the following spells:

 Your Spells              Type           Power        Failure   Level  Hunger
a - Ice Form              Ice/Tmut       ###.....     30%         4    #####..
b - Sticks to Snakes      Tmut           ####....     1%          2    ###....
c - Spider Form           Tmut/Pois      ##........   14%         3    ###....

Your spell library contained the following spells:

 Spells                   Type           Power        Failure   Level  Hunger
 Beastly Appendage        Tmut           ####..       1%          1    #......
 Blade Hands              Tmut           ####......   28%         5    ######.


Dungeon Overview and Level Annotations

Branches:
Dungeon (4/15)
 Temple: D:4-7

Altars:
Dithmenos
Qazlal

Annotations:
D:1 1 runed translucent door
D:3 1 runed translucent door, theswoord's ghost, amateur DsMo
D:4 Grinder


Innate Abilities, Weirdness & Mutations

You cannot wear most types of armour.
You are very stealthy in the water. (Stealth+)
You are amphibious.
You can wear up to eight rings at the same time.
((You can use your tentacles to constrict eight enemies at once.))
((Your skin changes colour to match your surroundings (Stealth+).))
((Your rubbery body absorbs attacks. (AC +1, EV +1)))


Message History

You bump into the rock wall.
The bullfrog skeleton hits you. Grinder gestures at you.
You suddenly lose the ability to move!
The orc hits you with a +0 dagger.
You feel less invigorated.
You feel less confused.
The bullfrog skeleton hits you but does no damage.
The orc hits you but does no damage.
The bullfrog skeleton hits you but does no damage.
The orc hits you with a +0 dagger. The bullfrog skeleton hits you.
Grinder hits you but does no damage. The bullfrog skeleton hits you.
The orc hits you with a +0 dagger. Grinder hits you.
* * * LOW HITPOINT WARNING * * *
You writhe in agony.
* * * LOW HITPOINT WARNING * * *
The bullfrog skeleton hits you.
* * * LOW HITPOINT WARNING * * *
The orc hits you but does no damage. Grinder hits you but does no damage.
The bullfrog skeleton hits you.
You die...

#.# # ########.##.#
######.........#.#
#.............##.#####
#.####.#####.#........
#.# #.# #.#......#
###.# #.# ##.#.#.#.#
....# #.# ###o#.#.###
(<..####.# #Y5w<....
......##.# #Z#.#.###
.......#.# .{..#
.........# ##.###
.......#####.# #.#
.............# #.#
....#.######## #.#
....#.# #.. ..###รท#


You could see Grinder, a worm, an orc and a bullfrog skeleton.

Vanquished Creatures
  Sigmund (D:3)
  Jessica (D:2)
  Natasha (thrice) (D:2)
  Terence (D:3)
  2 orc wizards (D:4)
  Robin (D:3)
  3 adders
  An ooze (D:2)
  4 dart slugs
  A leopard gecko (D:2)
  3 orcs
  4 giant cockroaches
  16 goblins
  5 hobgoblins
  6 kobolds
  A quokka (D:3)
  A ball python (D:4)
  10 bats
  3 frilled lizards
  6 rats
73 creatures vanquished.

Notes
Turn   | Place    | Note
-------+----------+-------------------------------------------
     0 | D:1      | ohad the Octopode Transmuter began the quest for the Orb.
     0 | D:1      | Reached XP level 1. HP: 13/13 MP: 3/3
     1 | D:1      | Found a runed translucent door.
   184 | D:1      | Reached XP level 2. HP: 8/18 MP: 3/5
   363 | D:1      | Learned a level 2 spell: Sticks to Snakes
   508 | D:1      | Reached skill level 3 in Transmutations
  1006 | D:2      | Noticed Natasha
  1122 | D:2      | Found a shadowy altar of Dithmenos.
  1150 | D:2      | Noticed Jessica
  1197 | D:2      | Killed Jessica
  1197 | D:2      | Reached XP level 3. HP: 12/23 MP: 4/6
  1200 | D:2      | Reached skill level 4 in Transmutations
  1215 | D:2      | Learned a level 3 spell: Spider Form
  1706 | D:2      | Killed Natasha
  1706 | D:2      | Reached XP level 4. HP: 19/28 MP: 4/7
  1823 | D:2      | Noticed Natasha
  1831 | D:2      | Killed Natasha
  1835 | D:2      | Noticed Natasha
  1847 | D:2      | Killed Natasha
  1847 | D:2      | Reached skill level 5 in Transmutations
  1847 | D:2      | Reached XP level 5. HP: 31/33 MP: 3/8
  2147 | D:3      | Noticed Sigmund
  2156 | D:3      | Killed Sigmund
  2156 | D:3      | Reached skill level 6 in Transmutations
  2156 | D:3      | Reached XP level 6. HP: 11/38 MP: 6/9
  2454 | D:3      | Noticed Robin
  2462 | D:3      | Noticed theswoord's ghost (amateur DsMo)
  2469 | D:3      | Found a runed translucent door.
  2900 | D:3      | Killed Robin
  3137 | D:3      | Found a stormy altar of Qazlal.
  3156 | D:3      | Noticed Terence
  3163 | D:3      | Killed Terence
  3163 | D:3      | Reached skill level 7 in Transmutations
  3381 | D:3      | Found a faded altar of an unknown god.
  3580 | D:3      | Learned a level 4 spell: Ice Form
  3692 | D:4      | Noticed Grinder
  3694 | D:4      | Reached skill level 1 in Ice Magic
  3694 | D:4      | Reached XP level 7. HP: 43/43 MP: 5/10
  3694 | D:4      | Paralysed by Grinder for 6 turns
  3708 | D:4      | Paralysed by Grinder for 5 turns
  3712 | D:4      | Slain by a bullfrog skeleton

Skill      XL: |  1  2  3  4  5  6 |
---------------+-------------------+-----
Transmutations | 3 4 5 6 7 |  7.1
Ice Magic      | 1 |  1.7
Fighting       | |  1.0
Dodging        | |  2.0
Unarmed Combat | |  3.0
Spellcasting   | |  2.0

Action                   |  1- 3 |  4- 6 |  7- 9 || total
-------------------------+-------+-------+-------++-------
Melee: Unarmed           |    60 |   131 |     4 ||   195
       Constrict         |    14 |    10 |       ||    24
       Tentacles         |     6 |     7 |       ||    13
       Kick              |     9 |     5 |       ||    14
       Punch             |       |     1 |       ||     1
 Cast: Beastly Appendage |    16 |     5 |       ||    21
       Spider Form       |     2 |    15 |       ||    17
       Ice Form          |       |     2 |       ||     2
  Use: Scroll            |       |     1 |       ||     1
       Potion            |       |       |     1 ||     1
 Stab: Sleeping          |     6 |     5 |       ||    11
  Eat: Chunk             |     3 |    19 |       ||    22
Armor: Skin              |    11 |     8 |    14 ||    33
Dodge: Dodged            |    43 |   109 |     7 ||   159
